AoeStats
← gustavoageon

Northern Isles

510592914Analyzed
1v1 RM · 12h ago on Oct 1, 2026· 25m 49s· 2 players
Game mode
Random Map
Map size
Tiny (2 player)
Population
200
Speed
Normal
Resources
Standard
Victory
Conquest
Starting age
Dark Age
Ending age
Imperial Age
RankedLock teamsTeams togetherTeam positionsShared explorationLock speedFull tech treeHidden civsTurbo modeCheats
Victory
Defeat
🇧🇷 Vikings · Brazil
650
+14
🇨🇱 Mapuche · Chile
600
-14
fabian8883073
0:28 Loom
13:22 Feudal Age
16:06 Double-Bit Axe
21:02 Castle Age
23:09 Medium Warships
gustavoageon
10:29 Feudal Age
9:16 Loom
11:06 Fishing Lines
11:56 Double-Bit Axe
15:48 Loom
19:09 Castle Age
17:19 Gold Mining
19:45 Forging
19:35 Scale Mail Armor
21:03 Bow Saw
21:34 Iron Casting
21:11 Medium Warships
20:55 Gillnets
25:36 Clinker Construction
Connection lost

Rejoining the realm…

Still unreachable

The connection could not be restored.

Session expired

The server has moved on; the page needs a fresh start.